 Dungeon Crawl Stone Soup version 0.30.1-10-g1249ef9ec4 (webtiles) character file.

Game seed: 979677301278137053

32 lonewolfV2 the Covered (level 3, -1/29 HPs)
             Began as a Demonspawn Fighter on Oct 26, 2023.
             Slain by a kobold
             ... wielding a +0 short sword
              (3 damage)
             ... on level 2 of the Dungeon.
             The game lasted 00:01:15 (898 turns).

lonewolfV2 the Covered (Demonspawn Fighter)          Turns: 898, Time: 00:01:15

Health: -1/29      AC:  6    Str: 18    XL:     3   Next: 10%
Magic:  3/3        EV:  9    Int:  9    God:
Gold:   84         SH:  4    Dex: 12    Spells: 2/2 levels left

rFire   . . .        a - +0 war axe
rCold   . . .        c - +0 buckler
rNeg    . . .        b - +0 scale mail
rPois   .            (helmet restricted)
rElec   .            (no cloak)
rCorr   .            (no gloves)
SInv    .            (no boots)
Will    .....        (no amulet) Stlth
                     (no ring)
HPRegen 0.24/turn    (no ring)
MPRegen 0.16/turn

%: no passive effects
@: no status effects
A: antennae 1, magic regeneration
a: no special abilities


You were on level 2 of the Dungeon.
You visited 1 branch of the dungeon, and saw 2 of its levels.

You collected 84 gold pieces.

Inventory:

Hand Weapons
 a - a +0 war axe (weapon)
Armour
 b - a +0 scale mail (worn)
 c - a +0 buckler (worn)
Potions
 d - a potion of might
 h - a potion of degeneration
 i - a potion of magic
 j - a potion of lignification {unknown}
 k - a potion of curing {unknown}


   Skills:
 - Level 3.0 Fighting
 - Level 1.7 Axes
 + Level 3.1 Armour
 * Level 2.0 Dodging
 - Level 2.6 Shields


You had 2 spell levels left.
You didn't know any spells.
Your spell library was empty.

Dungeon Overview and Level Annotations

Branches:
Dungeon (2/15)

Altars:

Shops:
D:1 (


Innate Abilities, Weirdness & Mutations

You have a pair of small antennae on your head.
You regenerate magic rapidly.


Message History

The kobold hits you but does no damage. You block the kobold's attack.
The kobold hits you but does no damage. The kobold misses you.
You block the kobold's attack. The kobold hits you but does no damage.
The kobold hits you but does no damage. The kobold hits you but does no damage.
The kobold hits you with a +0 short sword.
You block the kobold's attack. The kobold hits you but does no damage.
The kobold barely misses you.
The kobold hits you with a +0 short sword.
The kobold misses you. The kobold hits you but does no damage.
You block the kobold's attack. The kobold hits you but does no damage.
The kobold closely misses you. The kobold hits you but does no damage.
The kobold hits you with a +0 short sword.
* * * LOW HITPOINT WARNING * * *
The kobold hits you with a +0 short sword.
* * * LOW HITPOINT WARNING * * *
The kobold hits you but does no damage. The kobold hits you but does no damage.
The kobold closely misses you. The kobold hits you but does no damage.
The kobold hits you but does no damage. The kobold closely misses you.
The kobold misses you. The kobold barely misses you.
The kobold barely misses you.
The kobold hits you with a +0 short sword.
* * * LOW HITPOINT WARNING * * *
The kobold barely misses you. The kobold barely misses you.
The kobold hits you with a +0 short sword.
* * * LOW HITPOINT WARNING * * *
The kobold hits you with a +0 short sword.
You die...

#### ..# #K#
#@# #<#
#..........#
#.#.....#..#
####### #


You could see a kobold.

Vanquished Creatures
  An adder (D:2)
  A dart slug (D:1)
  2 ball pythons (D:1)
  3 endoplasms (D:1)
  A giant cockroach (D:1)
  A hobgoblin (D:1)
  2 jackals (D:1)
  2 bats (D:1)
  2 frilled lizards (D:1)
  4 kobolds (D:1)
  2 rats (D:1)
21 creatures vanquished.

Notes
Turn   | Place    | Note
-------+----------+-------------------------------------------
     0 | D:1      | lonewolfV2 the Demonspawn Fighter began the quest for the
                  | Orb.
     0 | D:1      | Reached XP level 1. HP: 18/18 MP: 1/1
    94 | D:1      | Reached skill level 1 in Dodging
   231 | D:1      | Gained mutation: You regenerate magic rapidly. [demonic
                  | ancestry]
   231 | D:1      | Reached XP level 2. HP: 15/24 MP: 2/2
   310 | D:1      | Found Xaodgh's Antique Weapon Shop.
   729 | D:2      | Discovered your monstrous ancestry.
   729 | D:2      | Gained mutation: You have a pair of small antennae on your
                  | head. [demonic ancestry]
   729 | D:2      | Reached XP level 3. HP: 25/29 MP: 3/3
   898 | D:2      | Slain by a kobold

Illustrated notes

Levels and vault maps discovered:
D:1:      wander_arrival_fairy_ring, layout_loops_ring, serial_shops, shop
D:2:      wad_crossroads, layout_basic

Skill      XL: |  1  2 |
---------------+-------+-----
Dodging        | 1 2 |  2.0
Armour         | 3 |  3.1
Fighting       | |  3.0
Axes           | |  1.7
Shields        | |  2.6

Action                     || total
---------------------------++-------
  Melee: War axe           ||    51
    Use: Scroll            ||     4
 Armour: Scale mail        ||    81
  Dodge: Dodged            ||    82
  Block: Buckler           ||    37
